 Dungeon Crawl Stone Soup version 0.19.0-9-gfd783f2 (webtiles) character file.

9019 MDvedh the Spear-Bearer (level 11, -2/111 HPs)
             Began as a Human Berserker on Nov 7, 2016.
             Was a High Priest of Trog.
             Slain by a warg (4 damage)
             ... on level 9 of the Dungeon.
             The game lasted 00:20:15 (10752 turns).

MDvedh the Spear-Bearer (Human Berserker)          Turns: 10752, Time: 00:20:16

Health: -2/111     AC: 20    Str: 28    XL:     11   Next: 66%
Magic:  0/11       EV:  7    Int: 14    God:    Trog [*****.]
Gold:   761        SH:  0    Dex:  9    Spells: 0 memorised, 10 levels left

rFire  . . .     SeeInvis .     D - +4 halberd (flame)
rCold  . . .     Gourm    .     a - +0 crystal plate armour
rNeg   . . .     Faith    .     (shield currently unavailable)
rPois  +         Spirit   +     y - +1 hat {MR+}
rElec  .         Reflect  .     i - +0 cloak of Integrity {-Cast rPois Int+7 Dex-5}
rCorr  .         Harm     .     (no gloves)
MR     +....     NoCast   +     (no boots)
Stlth  ..........               u - amulet of guardian spirit
                                f - +3 ring of strength
                                t - +2 ring of dexterity

@: berserking, studying Armour, drained, very quick
A: blurry vision 1, frail 1, weak 1
a: Berserk, Trog's Hand, Brothers in Arms, Burn Spellbooks, Renounce Religion


You were on level 9 of the Dungeon.
You worshipped Trog.
Trog was extremely pleased with you.
You were hungry.

You visited 1 branch of the dungeon, and saw 9 of its levels.
You also visited: Bailey.

You collected 1093 gold pieces.
You spent 332 gold pieces at shops.

Inventory:

Hand Weapons
 D - a +4 halberd of flaming (weapon)
Armour
 a - a +0 crystal plate armour (worn)
 i - the +0 cloak of Integrity (worn) {-Cast rPois Int+7 Dex-5}
   (You bought it in a shop on level 5 of the Dungeon)

   It affects your intelligence (+7).
   It affects your dexterity (-5).
   It protects you from poison.
   It prevents spellcasting.
 y - a +1 hat of magic resistance (worn)
Jewellery
 b - an uncursed ring of fire
 f - a +3 ring of strength (right hand)
 t - a +2 ring of dexterity (left hand)
 u - an amulet of guardian spirit (around neck)
Wands
 j - a wand of enslavement (13/24)
 o - a wand of paralysis (24/24)
 r - a wand of iceblast (8/15)
 z - a wand of paralysis (11/24)
 B - a wand of lightning (10/15)
 F - a wand of digging (8/24)
Scrolls
 e - 6 scrolls of noise
 l - 3 scrolls of remove curse
 n - 2 scrolls of fog
 s - 2 scrolls of blinking
 w - a scroll of teleportation
 G - 3 scrolls of identify
 H - a scroll of magic mapping
Potions
 d - 4 potions of curing
 g - 3 potions of lignification
 h - 3 potions of agility
 q - a potion of might
 v - 2 potions of brilliance
 x - a potion of berserk rage
 C - 2 potions of haste
 I - 2 potions of heal wounds {unknown}
 K - a potion of cancellation
Books
 E - a manual of
Armour
 J - a book of Flames

   Spells                             Type                      Level
   a - Flame Tongue                   Conjuration/Fire             1
   b - Throw Flame                    Conjuration/Fire             2
   c - Conjure Flame                  Conjuration/Fire             3
   d - Inner Flame                    Hexes/Fire                   3
   e - Sticky Flame                   Conjuration/Fire             4
   f - Fireball                       Conjuration/Fire             5
   Trog disapproves of the use of such an item.
Comestibles
 c - 8 bread rations
 k - 2 beef jerkies
 m - 2 meat rations
 p - 10 fruits
 A - 2 slices of pizza


   Skills:
 + Level 6.6(6.4) Fighting
 + Level 14.0(13.8) Polearms
 + Level 6.8(6.7) Armour
 + Level 6.1(6.0) Dodging


You had 10 spell levels left.
You didn't know any spells.

Dungeon Overview and Level Annotations

Branches:
Dungeon (9/15)             Temple (0/1) D:4            Lair (0/6) D:8
    Orc: D:9-12

Altars:
Dithmenos
Hepliaklqana
Nemelex Xobeh
Okawaru
Ru
Vehumet
Xom
Zin

Shops:
D:5 [   D:7 ?


Innate Abilities, Weirdness & Mutations

Scrolls take you a little longer to read.
You are frail. (-10% HP)
You are weak. (Str -2)


Message History

The warg bites you.
* * * LOW HITPOINT WARNING * * *
Unknown command.
You enter the shallow water.
Moving in this stuff is going to be slow.
The warg barely misses you. The warg bites you but does no damage.
The warg bites you.
* * * LOW HITPOINT WARNING * * *
The warg barely misses you. x2
Unknown command.
You feel a strong urge to attack something.
The warg bites you.
* * * LOW HITPOINT WARNING * * *
The warg bites you!
* * * LOW HITPOINT WARNING * * *
The warg bites you but does no damage. The warg bites you.
* * * LOW HITPOINT WARNING * * *
Your unstable footing causes you to fumble your attack.
The warg bites you.
You die...

#.≈≈≈....# #.≈≈≈....#
#.≈≈≈....#
#+###≈≈....#
##########...#≈≈....#
.........#oo.#≈≈....#
≈≈≈≈≈≈≈≈≈#####≈≈....#
≈≈≈≈≈≈≈≈≈≈≈≈≈≈≈≈....#
≈≈≈≈≈≈≈@hh≈≈≈≈≈≈....#
.....Phhh...........#
.............P......#
#####################


You could see 5 wargs.

Vanquished Creatures
  Gastronok (D:8)
  Maurice (D:8)
  3 hippogriffs
  A spriggan (D:7)
  A vampire (D:8)
  5 wargs (D:9)
  Menkaure (D:5)
  Edmund (D:4)
  A water moccasin (D:8)
  3 sky beasts (D:6)
  2 orc warriors
  3 phantoms
  An ice beast (D:6)
  6 ogres
  2 centaurs
  A big kobold (D:8)
  Blork the orc (D:4)
  9 gnoll sergeants
  4 bullfrogs
  A water moccasin zombie (D:8)
  A wyvern zombie (D:8)
  A scorpion (D:6)
  8 killer bees (D:8)
  10 wights (D:7)
  A bullfrog zombie (D:5)
  5 crimson imps
  A centaur zombie (D:8)
  8 hounds
  6 orc priests
  A bullfrog skeleton (D:8)
  12 orc wizards
  6 gnoll shamans (Bailey)
  Crazy Yiuf (D:4)
  Jessica (D:3)
  2 iguanas
  Ijyb (D:3)
  4 worker ants
  2 hound zombies
  4 hound skeletons
  Robin (D:2)
  24 gnolls
  14 adders
  A shadow imp (D:6)
  4 oozes
  An adder skeleton (D:6)
  5 dart slugs
  11 leopard geckos
  34 orcs
  2 ball pythons (D:2)
  7 giant cockroaches
  12 goblins
  14 hobgoblins
  15 jackals
  5 quokkas
  6 bats
  4 frilled lizards
  A jackal skeleton (D:5)
  10 kobolds
  6 rats
300 creatures vanquished.

Notes
Turn   | Place    | Note
-------+----------+-------------------------------------------
     0 | D:1      | MDvedh the Human Berserker began the quest for the Orb.
     0 | D:1      | Reached XP level 1. HP: 18/18 MP: 1/1
   134 | D:1      | Reached XP level 2. HP: 19/24 MP: 2/2
   624 | D:1      | Reached skill level 4 in Polearms
   624 | D:1      | Reached XP level 3. HP: 23/29 MP: 3/3
  1194 | D:2      | Noticed Robin
  1199 | D:2      | Reached ** piety under Trog
  1216 | D:2      | Killed Robin
  1216 | D:2      | Reached XP level 4. HP: 24/35 MP: 4/4
  1554 | D:2      | Reached skill level 5 in Polearms
  1908 | D:2      | Reached XP level 5. HP: 41/41 MP: 5/5
  2962 | D:3      | Reached skill level 6 in Polearms
  2969 | D:3      | Reached XP level 6. HP: 30/47 MP: 6/6
  3190 | D:3      | Noticed Ijyb
  3196 | D:3      | Paralysed by Ijyb for 3 turns
  3203 | D:3      | Paralysed by Ijyb for 2 turns
  3227 | D:3      | Killed Ijyb
  3376 | D:3      | Reached *** piety under Trog
  3459 | D:3      | Noticed Jessica
  3471 | D:3      | Killed Jessica
  3718 | D:4      | Reached skill level 7 in Polearms
  3734 | D:4      | Found a glowing silver altar of Zin.
  3887 | D:4      | Noticed an ogre
  3895 | D:4      | Killed an ogre
  3895 | D:4      | Reached XP level 7. HP: 34/52 MP: 7/7
  4096 | D:4      | Noticed Edmund
  4119 | D:4      | Killed Edmund
  4235 | D:4      | Found a sacrificial altar of Ru.
  4277 | D:4      | Found a staircase to the Ecumenical Temple.
  4285 | D:4      | Reached skill level 8 in Polearms
  4308 | D:4      | Found a runed door.
  4308 | D:4      | Noticed Blork the orc
  4314 | D:4      | Killed Blork the orc
  4361 | D:4      | Noticed Crazy Yiuf
  4365 | D:4      | Killed Crazy Yiuf
  4638 | D:4      | Found a sparkling altar of Nemelex Xobeh.
  4770 | D:5      | Entered Level 5 of the Dungeon
  4811 | D:5      | Found a radiant altar of Vehumet.
  4893 | D:5      | Reached XP level 8. HP: 43/58 MP: 8/8
  4916 | D:5      | Reached skill level 9 in Polearms
  4978 | D:5      | Reached **** piety under Trog
  5321 | D:5      | Found Unleqaox's Antique Armour Emporium.
  5338 | D:5      | Noticed Menkaure
  5348 | D:5      | Killed Menkaure
  5439 | D:5      | Bought a pitted cloak for 209 gold pieces
  5449 | D:5      | Identified the cursed +0 cloak of Integrity {-Cast rPois Int+7 Dex-5} (You bought it in a shop on level 5 of the Dungeon)
  5553 | D:5      | Found a shimmering altar of Xom.
  5758 | D:5      | Reached skill level 10 in Polearms
  6154 | D:6      | Reached XP level 9. HP: 63/63 MP: 9/9
  6179 | D:6      | Reached skill level 11 in Polearms
  6435 | D:6      | Gained mutation: You are frail. (-10% HP) [mutagenic meat]
  6436 | D:6      | Gained mutation: Scrolls take you a little longer to read. [mutagenic meat]
  6437 | D:6      | Gained mutation: You are weak. (Str -2) [mutagenic meat]
  6824 | D:6      | Reached skill level 12 in Polearms
  7515 | D:7      | Found Cesahij's Magic Scroll Emporium.
  7527 | D:7      | Bought a scroll of fog for 26 gold pieces
  7527 | D:7      | Bought a scroll of blinking for 97 gold pieces
  7544 | D:7      | Noticed a hippogriff
  7551 | D:7      | Killed a hippogriff
  7559 | D:7      | Found a flagged portal.
  7576 | Bailey   | Entered a bailey
  7750 | Bailey   | Reached XP level 10. HP: 63/63 MP: 10/10
  7765 | Bailey   | Reached skill level 13 in Polearms
  8215 | Bailey   | Reached ***** piety under Trog
  8921 | D:7      | Found a shadowy altar of Dithmenos.
  9162 | D:7      | Received a gift from Trog
  9305 | D:8      | Noticed Gastronok
  9329 | D:8      | Killed Gastronok
  9329 | D:8      | Reached skill level 5 in Fighting
  9329 | D:8      | Reached XP level 11. HP: 72/72 MP: 11/11
  9406 | D:8      | Reached skill level 5 in Dodging
  9432 | D:8      | Reached skill level 5 in Armour
  9979 | D:8      | Received a gift from Trog
 10024 | D:8      | Found an iron altar of Okawaru.
 10110 | D:8      | Found a hazy altar of Hepliaklqana.
 10143 | D:8      | Noticed Maurice
 10176 | D:8      | Killed Maurice
 10222 | D:8      | Found a staircase to the Lair.
 10733 | D:9      | Reached skill level 14 in Polearms
 10751 | D:9      | HP: 3/111 [warg (8)]
 10752 | D:9      | Slain by a warg

Skill      XL: |  1  2  3  4  5  6  7  8  9 10 11 |
---------------+----------------------------------+-----
Polearms       | 4 5 6 7 8 10 12 13 14 | 14.0
Dodging        | 4 6 |  6.1
Armour         | 4 6 |  6.8
Fighting       | 5 6 |  6.6

Action                   |  1- 3 |  4- 6 |  7- 9 | 10-12 || total
-------------------------+-------+-------+-------+-------++-------
Melee: Spear             |   129 |   334 |   258 |       ||   721
       Trident           |       |       |   289 |       ||   289
       Halberd           |       |       |    28 |   481 ||   509
Invok: Berserk           |     2 |     5 |    10 |     5 ||    22
       Trog's Hand       |       |     1 |     2 |     1 ||     4
       Burn Spellbooks   |       |       |       |     1 ||     1
  Use: Scroll            |       |       |    16 |     3 ||    19
       Potion            |       |       |     4 |       ||     4
 Stab: Sleeping          |     2 |     5 |       |       ||     7
  Eat: Chunk             |     2 |     9 |     8 |     7 ||    26
       Bread ration      |       |     1 |     2 |     1 ||     4
       Meat ration       |       |       |     2 |       ||     2
       Fruit             |       |       |     1 |       ||     1
       Beef jerky        |       |       |     1 |     1 ||     2
Armor: Animal skin       |    19 |    30 |       |       ||    49
       Ring mail         |       |    49 |    60 |       ||   109
       Plate armour      |       |       |   117 |    40 ||   157
       Crystal plate arm |       |       |       |   247 ||   247
Dodge: Dodged            |    66 |   144 |   138 |    96 ||   444
